 Dungeon Crawl Stone Soup version 0.19.1-1-g22dce08 (webtiles) character file.

731 Kiturien the Sneak (level 7, -3/44 HPs)
             Began as an Octopode Fighter on Jan 18, 2017.
             Slain by a gnoll
             ... wielding a +0 spear
              (7 damage)
             ... on level 4 of the Dungeon.
             The game lasted 00:16:58 (4575 turns).

Kiturien the Sneak (Octopode Fighter)               Turns: 4575, Time: 00:16:59

Health: -3/44      AC:  1    Str: 18    XL:     7   Next: 73%
Magic:  6/6        EV: 12    Int: 10    God:
Gold:   364        SH:  9    Dex: 13    Spells: 0 memorised, 6 levels left

rFire  . . .     SeeInvis .     k - +2 short sword (elec)
rCold  . . .     Gourm    .     b - +0 shield
rNeg   . . .     Faith    .     (helmet restricted)
rPois  .         Spirit   .     n - amulet of harm
rElec  .         Reflect  .     (no ring)
rCorr  .         Harm     +     (no ring)
MR     .....     Clarity  +     (no ring)
Stlth  ++++...... Rnd*Tele +    (no ring)
                                (no ring)
                                (no ring)
                                (no ring)
                                (no ring)

@: no status effects
A: almost no armour, stealthy swim, amphibious, 8 rings, constrict 8, tentacle
spike 1, camouflage 1, clarity, frail 1, low mp 1, strong 1, teleportitis 1,
gelatinous body 1, evolution 1
a: no special abilities


You were on level 4 of the Dungeon.
You were not hungry.

You visited 1 branch of the dungeon, and saw 4 of its levels.
You also visited: Sewer.

You collected 364 gold pieces.

Inventory:

Hand Weapons
 a - a +0 rapier
 k - a +2 short sword of electrocution (weapon)
Armour
 b - a +0 shield (worn)
 m - a +0 buckler
Jewellery
 e - an uncursed ring of teleportation
 n - an amulet of harm (around mantle)
Wands
 g - a wand of flame (17/48)
 s - a wand of hasting (5/9)
 x - a wand of slowing (26/48)
Scrolls
 f - 2 scrolls of fog
 o - a scroll of fear
 v - a scroll of identify
 w - a scroll of random uselessness {unknown}
 y - a scroll of amnesia {unknown}
Potions
 c - a potion of might
 d - 3 potions of curing
 i - a potion of agility
 j - a potion of resistance
 l - 2 potions of lignification
 p - a potion of brilliance {unknown}
 q - 2 potions of berserk rage {unknown}
 t - a potion of degeneration {unknown}
Comestibles
 h - 2 meat rations
 r - 2 bread rations
 u - 7 fruits


   Skills:
 * Level 4.7 Fighting
 + Level 4.5 Short Blades
 + Level 3.3 Dodging
 * Level 6.6 Stealth
 * Level 4.5 Shields


You had 6 spell levels left.
You didn't know any spells.

Dungeon Overview and Level Annotations

Branches:
Dungeon (4/15)
 Temple: D:4-7

Altars:
Ashenzari
Kikubaaqudgha
Makhleb
Trog

Shops:
D:4 *


Innate Abilities, Weirdness & Mutations

You cannot wear most types of armour.
You are very stealthy in the water. (Stealth+)
You are amphibious.
You can wear up to eight rings at the same time.
You can use your tentacles to constrict eight enemies at once.
Your skin changes colour to match your surroundings (Stealth+).
Your rubbery body absorbs attacks. (AC +1, EV +1)
One of your tentacles bears a spike.
You possess an exceptional clarity of mind.
You are frail. (-10% HP)
Your magical capacity is low. (-10% MP)
Your muscles are strong. (Str +2)
You are occasionally teleported next to monsters.
You evolve.


Message History

You hit the gnoll shaman but do no damage.
You grab the gnoll shaman. You squeeze the gnoll shaman.
The gnoll shaman is lightly wounded.
You constrict the gnoll shaman. You constrict the gnoll.
The gnoll hits you with a spear. The gnoll shaman hits you with a whip.
You hit the gnoll shaman but do no damage.
There is a sudden explosion of sparks!
You kill the gnoll shaman!
You constrict the gnoll. The gnoll hits you with a spear.
The gnoll hits you from afar with a spear!
* * * LOW HITPOINT WARNING * * *
You hit the gnoll.
The gnoll is severely wounded.
You constrict the gnoll. The gnoll hits you with a spear.
* * * LOW HITPOINT WARNING * * *
The gnoll misses you.
You hit the gnoll.
You kill the gnoll!
The gnoll hits you from afar with a spear.
You die...

## ###..###
#......##
####...##
##..#...# ##...###
###### #...#####
...###
#####....###..##
..##
###.........#...#
###
##...........#..##
#
#...............#
#.......g..>...##
###
#......gg)@....#
..#
#........).....#
..##
##.............#
...##
#.............#
....#
##..........###
....# #########..#
....# #..## ...##
##..# ..## #..##


You could see 3 gnolls.

Vanquished Creatures
  Sigmund (D:3)
  An ogre (D:4)
  A crocodile (Sewer)
  An orc priest (D:4)
  A hound (D:4)
  A gnoll shaman (D:4)
  Ijyb (D:3)
  2 orc wizards (D:3)
  A worker ant (D:4)
  A gnoll (D:4)
  6 adders
  2 river rats (D:4)
  An ooze (D:2)
  5 worms
  4 leopard geckos
  12 orcs
  7 giant cockroaches
  5 goblins
  8 hobgoblins
  7 jackals
  11 kobolds
  2 quokkas (D:2)
  A ball python (D:2)
  16 bats
  6 frilled lizards
  14 rats
118 creatures vanquished.

Notes
Turn   | Place    | Note
-------+----------+-------------------------------------------
     0 | D:1      | Kiturien the Octopode Fighter began the quest for the Orb.
     0 | D:1      | Reached XP level 1. HP: 16/16 MP: 1/1
   233 | D:1      | Reached XP level 2. HP: 12/21 MP: 2/2
  1100 | D:2      | Found a bloodstained altar of Trog.
  1101 | D:2      | Noticed a moth of wrath
  1107 | D:2      | Reached XP level 3. HP: 26/26 MP: 3/3
  1428 | D:2      | Reached skill level 1 in Stealth
  1428 | D:2      | Reached XP level 4. HP: 31/31 MP: 4/4
  2607 | D:3      | Noticed Ijyb
  2610 | D:3      | Reached skill level 2 in Stealth
  2617 | D:3      | Killed Ijyb
  2617 | D:3      | Reached XP level 5. HP: 30/36 MP: 5/5
  2685 | D:3      | Reached skill level 3 in Stealth
  3019 | D:3      | Noticed Sigmund
  3029 | D:3      | Killed Sigmund
  3029 | D:3      | Reached skill level 4 in Stealth
  3029 | D:3      | Reached XP level 6. HP: 35/43 MP: 6/6
  3066 | D:3      | Reached skill level 5 in Stealth
  3345 | D:4      | Gained mutation: You evolve. [potion of mutation]
  3345 | D:4      | Gained mutation: Your muscles are strong. (Str +2) [potion of mutation]
  3345 | D:4      | Gained mutation: One of your tentacles bears a spike. [potion of mutation]
  3370 | D:4      | Reached XP level 7. HP: 49/49 MP: 7/7
  3585 | D:4      | Gained mutation: You are occasionally teleported next to monsters. [potion of mutation]
  3585 | D:4      | Gained mutation: Your magical capacity is low. (-10% MP) [potion of mutation]
  3585 | D:4      | Gained mutation: You are frail. (-10% HP) [potion of mutation]
  3594 | D:4      | Found a shattered altar of Ashenzari.
  3627 | D:4      | Found Qaschya's Assorted Antiques.
  3816 | D:4      | Found a burning altar of Makhleb.
  3816 | D:4      | Found an ancient bone altar of Kikubaaqudgha.
  3867 | D:4      | Reached skill level 6 in Stealth
  3918 | D:4      | Found a glowing drain.
  3923 | Sewer    | Entered a sewer
  3935 | Sewer    | Gained mutation: You possess an exceptional clarity of mind. [evolution]
  4575 | D:4      | Slain by a gnoll

Skill      XL: |  1  2  3  4  5  6  7 |
---------------+----------------------+-----
Stealth        | 1 2 4 5 6 |  6.6
Short Blades   | 3 4 |  4.5
Fighting       | 4 |  4.7
Shields        | 4 |  4.5
Dodging        | |  3.3

Action                   |  1- 3 |  4- 6 |  7- 9 || total
-------------------------+-------+-------+-------++-------
Melee: Rapier            |    26 |       |       ||    26
       Constrict         |    11 |    13 |    12 ||    36
       Short sword       |    34 |    76 |    58 ||   168
       Tentacles         |     7 |     2 |     7 ||    16
       Kick              |       |       |    19 ||    19
  Use: Scroll            |     5 |     6 |       ||    11
       Potion            |       |     1 |     1 ||     2
 Stab: Sleeping          |     4 |     9 |    10 ||    23
       Distracted        |       |     2 |       ||     2
  Eat: Bread ration      |     1 |       |       ||     1
       Meat ration       |       |     1 |     1 ||     2
Armor: Skin              |     6 |     3 |     3 ||    12
Dodge: Dodged            |    22 |    17 |    22 ||    61
Block: Shield            |    22 |    19 |    25 ||    66
